Get step-by-step instructions on how to execute this build order below. Start the game timer, and the build order will tick by so you can play in parallel with StarCraft on a second screen or mobile device.

Game Time

  0:00

Last Step

  N/A

Next Step

  12  0:03  SCV  

Upcoming Step

  13  0:15  SCV  

Don't want to look back and forth between 2 screens? Try out our Overwolf App, the Spawning Tool Build Advisor to get an in-game overlay with this build!

Complete Build Order

  12  0:03  SCV  
  13  0:15  SCV  
  13  0:19  Supply Depot  
  14  0:27  SCV  
  15  0:40  SCV  
  16  0:48  Barracks  
  16  0:50  Refinery  
  16  0:53  SCV  
  17  1:14  SCV  
  18  1:32  Refinery  
  18  1:34  Barracks Reactor  
  18  1:37  Supply Depot, Orbital Command  
  18  2:04  SCV  
  18  2:06  Factory  
  19  2:10  Marine x2  
  21  2:16  SCV  
  22  2:28  SCV  
  23  2:34  Command Center  
  23  2:50  Marine x2  
  24  2:54  Factory Tech Lab  
  24  2:55  Starport  
  23  3:13  Siege Tank  
  26  3:28  Marine  
  26  3:29  Marine  
  26  3:32  Starport Reactor  
  28  3:37  Supply Depot  
  28  3:52  Siege Tank  
  31  3:57  SCV  
  32  4:05  Orbital Command  
  32  4:16  Viking  
  34  4:24  Siege Tank  
  34  4:30  SCV  
  38  4:34  SCV  
  38  4:37  Viking  
  41  4:41  Marine x2  
  41  4:43  Orbital Command  
  43  4:58  Barracks  
  43  5:00  Barracks  
  38  5:14  Marine x2  
  38  5:15  Siege Tank  
  38  5:16  Viking  
  38  5:18  Viking  
  38  5:19  SCV  
  38  5:21  SCV  
  49  5:27  Supply Depot  
  49  5:34  Marine  
  49  5:35  Marine  
  51  5:36  SCV x2  
  44  6:09  Viking x2  
  44  6:10  Barracks Tech Lab  
  44  6:11  Marine x2, Barracks Tech Lab  
  48  6:13  SCV x2  
  52  6:19  Engineering Bay  
  52  6:25  SCV x2  
  52  6:29  Marine  
  46  6:44  Stimpack  
  46  6:45  Concussive Shells  
  46  6:46  SCV x2  
  48  6:47  Starport  
  48  6:53  Refinery, Marine x2  
  50  6:58  SCV x2  
  50  7:01  Viking  
  54  7:10  SCV  
  54  7:11  SCV  
  54  7:14  Viking  
  54  7:15  Refinery  
  58  7:16  Marine x4  
  58  7:21  Supply Depot  
  62  7:23  Starport Reactor  
  62  7:29  Supply Depot  
  62  7:42  Marine  
  62  7:43  SCV x2  
  63  7:48  Viking x2  
  63  7:50  Marine x2  
  63  7:51  Marine  
  70  8:08  Viking x2  
  70  8:10  SCV  
  75  8:14  Command Center  
  75  8:16  SCV  
  76  8:24  Viking  
  78  8:29  Supply Depot  
  78  8:34  Armory  
  78  8:41  Combat Shield  
  78  8:50  SCV x2, Viking  
  78  8:53  Supply Depot  
  82  8:58  Missile Turret  
  82  9:00  Siege Tank  
  86  9:08  Orbital Command  
  86  9:10  SCV  
  86  9:13  Marauder  
  86  9:15  Marauder  
  35  10:01  Viking x4  
  34  10:21  Orbital Command